 Dungeon Crawl Stone Soup version 0.16.2-2-g470672f (webtiles) character file.

226 Javn the Chopper (level 6, -4/55 HPs)
             Began as a Hill Orc Berserker on Aug 23, 2015.
             Was a Believer of Trog.
             Slain by a mummy (17 damage)
             ... in an ossuary.
             The game lasted 00:23:17 (2483 turns).

Javn the Chopper (Hill Orc Berserker)               Turns: 2483, Time: 00:23:17

Health: -4/55      AC:  5    Str: 22    XL:     6   Next: 1%
Magic:  6/6        EV: 11    Int:  7    God:    Trog [**....]
Gold:   178        SH:  0    Dex: 10    Spells: 0 memorised, 5 levels left

rFire  . . .     SeeInvis .     a - +0 hand axe (curse)
rCold  . . .     Clarity  .     i - +0 ring mail (curse)
rNeg   . . .     SustAb   .     (no shield)
rPois  .         Gourm    .     (no helmet)
rElec  .         Spirit   .     (no cloak)
rCorr  .         Warding  .     (no gloves)
rMut   .         Stasis   .     (no boots)
MR     .....                    (no amulet)
Stlth  +.........               (no ring)
                                (no ring)

@: not resistant to hostile enchantments, very unstealthy
A: no striking features
a: Burn Spellbooks, Berserk, Trog's Hand, Renounce Religion


You were in an ossuary.
You worshipped Trog.
Trog was pleased with you.
You were not hungry.

You visited 1 branch of the dungeon, and saw 4 of its levels.
You also visited: Ossuary.

You collected 178 gold pieces.

Inventory:

Hand weapons
 a - a cursed +0 hand axe (weapon)
 j - a +0 dagger
Missiles
 d - 51 stones (quivered)
 h - 22 bolts
 r - 44 arrows
 v - 12 sling bullets
Armour
 b - a +0 animal skin
 i - a cursed +0 ring mail (worn)
 u - a cursed +0 scale mail
 y - a +0 chain mail
 A - a +1 cloak
Jewellery
 s - an uncursed ring of magical power {unknown}
Scrolls
 e - 3 scrolls of identify {unknown}
 k - 2 scrolls of remove curse {unknown}
 l - 2 scrolls of fear {unknown}
 m - 3 scrolls of amnesia {unknown}
 w - a scroll of teleportation {unknown}
Potions
 f - 2 potions of invisibility {unknown}
 n - a potion of beneficial mutation {unknown}
 p - a potion of cure mutation {unknown}
 t - a potion of haste {unknown}
 x - a potion of might {unknown}
Comestibles
 c - 2 meat rations
 g - 5 bread rations
 o - a beef jerky
 z - 2 fruits


   Skills:
 + Level 4.8 Fighting
 + Level 5.8 Axes
 + Level 3.5 Armour
 + Level 2.7 Dodging
 + Level 0.3 Stealth


You had 5 spell levels left.
You didn't know any spells.

Dungeon Overview and Level Annotations

Branches:
Dungeon (4/15)
 Temple: D:4-7

Altars:
Okawaru
Yredelemnul


Message History

You feel stronger.
You hit the mummy but do no damage.
The mummy is lightly damaged.
The mummy closely misses you.
You barely miss the mummy.
The mummy is lightly damaged.
You slash the mummy!
The mummy is severely damaged.
The mummy barely misses you.
You barely miss the mummy.
The mummy is severely damaged.
The mummy hits you.
* * * LOW HITPOINT WARNING * * *
You barely miss the mummy.
The mummy is severely damaged.
You feel less exhausted.
You hit the mummy but do no damage.
The mummy is severely damaged.
The mummy hits you!
You die...

#....#
#....#
#....#
#....#
#(...#
#(...#
#(...#
#.M..#
#@∩∩.#
######


You could see a mummy.

Vanquished Creatures
  A hound (D:4)
  3 mummies
  An adder (D:2)
  7 gnolls (D:2)
  2 worms (D:1)
  3 giant geckos
  3 oozes
  An orc (D:4)
  2 ball pythons
  A bat skeleton (D:4)
  6 giant cockroaches
  3 goblins
  6 hobgoblins
  5 quokkas
  9 bats
  A giant newt (D:2)
  A hobgoblin zombie (Ossuary)
  6 jackals (D:2)
  5 kobolds
  A kobold zombie (Ossuary)
  4 rats
71 creatures vanquished.

Notes
Turn   | Place    | Note
--------------------------------------------------------------
     0 | D:1      | Javn, the Hill Orc Berserker, began the quest for the Orb.
     0 | D:1      | Reached XP level 1. HP: 19/19 MP: 1/1
   325 | D:1      | Reached XP level 2. HP: 27/27 MP: 2/2
   873 | D:2      | Reached XP level 3. HP: 33/33 MP: 3/3
  1087 | D:2      | Acquired Trog's second power
  1255 | D:3      | Found an iron altar of Okawaru.
  1355 | D:2      | Reached skill level 5 in Axes
  1355 | D:2      | Reached XP level 4. HP: 38/41 MP: 4/4
  1862 | D:2      | Found a basalt altar of Yredelemnul.
  1947 | D:2      | Reached XP level 5. HP: 47/47 MP: 5/5
  2428 | D:4      | Found a sand-covered staircase.
  2443 | Ossuary  | Entered an ossuary
  2478 | Ossuary  | Reached XP level 6. HP: 17/55 MP: 6/6
  2483 | Ossuary  | Slain by a mummy

Action                   |  1- 3 |  4- 6 || total
-------------------------+-------+-------++-------
Melee: Hand axe          |   106 |   130 ||   236
Throw: Stone             |     8 |     3 ||    11
Invok: Berserk           |     1 |     4 ||     5
  Eat: Chunk             |     3 |     7 ||    10
